 Dungeon Crawl Stone Soup version 0.14-a0-1689-g99b8db2 (webtiles) character file.

97705 Jenx the Bludgeoner (level 15, 0/93 HPs)
             Began as a Minotaur Fighter on Dec 30, 2013.
             Was the Champion of Okawaru.
             Killed from afar by a fire dragon (23 damage)
             ... with a blast of flame
             ... on Level 1 of the Abyss.
             The game lasted 02:42:44 (34283 turns).

Jenx the Bludgeoner (Minotaur Fighter)             Turns: 34283, Time: 02:42:44

HP   0/93        AC 24     Str 20      XL: 15   Next: 65%
MP  12/14        EV  9     Int  5      God: Okawaru [******]
Gold 2600        SH 43     Dex 13      Spells:  0 memorised, 14 levels left

rFire  . . .     SeeInvis +     a - +12,+4 demon whip "Hiasuhyo" {vamp, Stlth}
rCold  . . .     Clarity  +     v - +0 orc plate armour
rNeg   . . .     Conserve .     g - +0 large shield
rPois  +         rCorr    .     o - +1 elf cap {SInv}
rElec  +         rRot     .     C - +1 cloak of Theeludu {rElec rPois}
SustAb . .       Spirit   .     r - +2 pair of dwarf gloves
rMut   .         Warding  .     n - +0 pair of boots
Saprov . . .     Stasis   .     l - amulet of clarity
                                h - +3 ring of evasion
                                z - ring of flight

@: heroism, somewhat resistant to hostile enchantments, extremely unstealthy
A: retaliatory headbutt, horns 2, blurry vision 1, clumsy 1, deformed body,
deterioration 3, fast metabolism 1, frail 3, low mp 3, weak 1
a: Heroism, Finesse, Renounce Religion, Evoke Flight


You were on level 1 of the Abyss.
You worshipped Okawaru.
Okawaru was exalted by your worship.
You were not hungry.

You visited 5 branches of the dungeon, and saw 30 of its levels.
You visited the Abyss 1 time.
You also visited: Sewer.

You collected 3382 gold pieces.
You spent 782 gold pieces at shops.

Inventory:

Hand weapons
 a - the +12,+4 demon whip "Hiasuhyo" (weapon) {vamp, Stlth}
   (Okawaru gifted it to you on level 3 of the Snake Pit)

   It inflicts no extra harm, but heals its wielder somewhat when it strikes a
   living foe.
   It makes you more stealthy.
 b - a +2 blowgun
 Q - a +4,+1 dwarven morningstar of draining
Missiles
 F - 48 poisoned needles
 P - 7 silver javelins (quivered)
Armour
 g - a +0 large shield (worn)
 n - a +0 pair of boots (worn)
 o - a +1 elven cap of see invisible (worn)
 r - a +2 pair of dwarven gloves (worn)
 v - a +0 orcish plate armour (worn)
 C - the +1 cloak of Theeludu (worn) {rElec rPois}
   (Okawaru gifted it to you on level 4 of the Lair of Beasts)

   It insulates you from electricity.
   It protects you from poison.
 M - a +2 cloak of poison resistance
 X - a +0 shield of reflection
Magical devices
 d - a wand of cold (7)
 m - a wand of polymorph (12)
 u - a wand of cold (4)
 B - a wand of lightning (5)
 D - a wand of teleportation (1)
 E - a wand of disintegration (0)
 O - a wand of flame (1)
 T - a wand of cold (5)
Comestibles
 c - 2 bread rations
 f - a meat ration
Scrolls
 i - 3 scrolls of fear
 p - 8 scrolls of remove curse
 w - 2 scrolls of teleportation
 K - a scroll of magic mapping
 L - 2 scrolls of blinking
 V - a scroll of recharging
 Y - a scroll of fog
Jewellery
 h - a +3 ring of evasion (right hand)
 l - an amulet of clarity (around neck)
 t - an uncursed amulet of inaccuracy {unknown}
 x - an uncursed amulet of resist mutation
 y - a +2 ring of intelligence
 z - a ring of flight (left hand)
 A - an uncursed amulet of resist corrosion
 G - an uncursed ring of ice
Potions
 e - 4 potions of speed
 j - 3 potions of resistance
 k - 4 potions of curing
 H - a potion of brilliance
 I - a potion of strong poison {unknown}
 N - 2 potions of berserk rage
 R - 2 potions of restore abilities
 S - 3 potions of agility
Miscellaneous
 q - a lantern of shadows


   Skills:
 + Level 12.3(17.3) Fighting
 - Level 20.1(25.1) Maces & Flails
 - Level 16.1(21.1) Armour
 - Level 13.4(18.4) Shields
 - Level 7.0 Invocations
 - Level 4.0 Evocations


You had 14 spell levels left.
You didn't know any spells.

Dungeon Overview and Level Annotations

Branches:
Dungeon (14/16)            Temple (1/1) D:5             Orc (4/4) D:10
    Elf (0/3) Orc:3          Lair (8/8) D:8           Swamp (0/5) Lair:3
  Snake (3/5) Lair:3
  Slime: Lair:6-8    Vaults: D:14-15

Altars:
Ashenzari
Cheibriados
Elyvilon
Fedhas
Kikubaaqudgha
Makhleb
Nemelex Xobeh
Okawaru
Sif Muna
Trog
Vehumet
Xom
Yredelemnul
Zin
the Shining One
Lugonu

Shops:
Orc:2 *   Orc:3 [   Orc:4 *([:   Snake:1 !

Portals:
Hell: Lair:8

Annotations:
D:9 exclusion: oklob plant
Lair:2 hydra
Lair:7 exclusion: oklob plant
Snake:3 Louise


Innate Abilities, Weirdness & Mutations

You reflexively headbutt those who attack you in melee.
You have a pair of horns on your head.
[Your vision is a little blurry.]
[You are clumsy. (Dex -2)]
[Armour fits poorly on your strangely shaped body.]
[Your body is rapidly deteriorating.]
[You have a fast metabolism.]
[You are extremely frail (-30% HP).]
[Your magical capacity is extremely low (-30% MP).]
[You are weak. (Str -2)]


Message History

The fire dragon is lightly wounded.
You hit the fire dragon.
You feel better.
You headbutt the fire dragon!
The fire dragon is moderately wounded.
You whack the fire dragon!
You feel better.
The fire dragon is moderately wounded.
The fire dragon breathes flames at you. The blast of flame hits you!
Your scroll of enchant weapon II catches fire!
* * * LOW HITPOINT WARNING * * *
You thrash the fire dragon!!
The fire dragon is heavily wounded.
Drink which item? (? for menu, Esc to quit)
You feel better. You block the fire dragon's attack.
You block the fire dragon's attack.
You whack the fire dragon!
The fire dragon is severely wounded.
The fire dragon breathes flames at you. The blast of flame hits you!
One of your 2 scrolls of magic mapping catches fire!
You die...

.. .# .
......# #
#....$ ' .
#......# .# #
.D...###.
..... #..
#..#...#.# ..#
#.#.# .. ..
..#@###
.........D...#
.> ......#...#
........##.##
. ......##.#
####'### .#
#### # #.. #
#.# #. ##
.....####
##### ##. ## .
.... #


You could see a fire dragon.

Vanquished Creatures
  Kirke (Snake:1)
  Aizul (Snake:2)
  An orc warlord (Orc:4)
  Donald (Orc:3)
  A dire elephant (Lair:8)
  9 hydras
  A great orb of eyes (D:12)
  Fannar (D:14)
  A very ugly thing (Snake:1)
  2 wretched stars (Abyss:1)
  Nessos (Orc:4)
  Urug (D:13)
  2 anacondas
  6 death yaks (Lair:6)
  Harold (Lair:5)
  An unseen horror (D:12)
  10 naga warriors
  A sun demon (Lair:8)
  A centaur warrior (D:14)
  3 hill giants
  Nergalle (Lair:3)
  A catoblepas (Lair:6)
  3 orc high priests (Orc:4)
  A wizard (Lair:8)
  4 orc sorcerers
  2 griffons
  22 elephants
  2 cyclopes
  An item mimic (Snake:3)
  A feature mimic (Lair:8)
  19 black mambas
  11 spiny frogs
  Psyche (Orc:3)
  A smoke demon (Lair:8)
  3 guardian serpents (Snake:2)
  8 komodo dragons
  A hydra zombie (D:14)
  A giant firefly (shapeshifter) (Abyss:1)
  8 fire drakes
  A hellwing (Lair:8)
  8 naga magi
  8 blink frogs
  An octopode (D:14)
  4 red devils (Lair:8)
  A trapdoor spider zombie (D:12)
  2 griffon zombies (D:14)
  2 orc knights
  A queen ant (Lair:4)
  4 slime creatures (Abyss:1)
  3 water elementals (D:14)
  29 yaks
  2 hill giant zombies
  A wraith (D:14)
  6 sharks
  A merfolk (D:8)
  3 hungry ghosts
  19 ugly things
  2 manticores
  2 two-headed ogres
  12 vampire mosquitoes
  7 soldier ants (Lair:4)
  4 hogs (Snake:1)
  A basilisk (D:12)
  Menkaure (D:5)
  4 trolls
  2 hell hounds (Lair:8)
  4 ice beasts
  A necrophage (D:8)
  2 phantoms
  30 orc warriors
  2 sky beasts
  Purgy (Sewer)
  A small abomination (Abyss:1)
  3 giant goldfish
  14 porcupines
  18 ogres
  12 centaurs
  4 wargs
  4 rotting devils (Lair:8)
  8 hippogriffs
  5 giant slugs
  9 giant frogs
  8 crocodiles
  A big kobold (D:14)
  4 gnoll sergeants
  32 water moccasins
  6 wolves (Lair:3)
  43 nagas
  7 agate snails
  5 jellies
  A yellow wasp (D:11)
  4 killer bees (D:10)
  9 electric eels
  7 crimson imps
  A goliath beetle (D:10)
  3 jellyfish
  A centaur skeleton (D:10)
  2 gnoll shamans
  Crazy Yiuf (D:5)
  7 big fish
  A giant frog skeleton (D:12)
  14 orc priests
  17 hounds
  6 iguanas
  26 orc wizards
  40 worker ants
  7 scorpions
  A killer bee zombie (D:9)
  12 sheep
  An ogre zombie (D:6)
  Jessica (D:3)
  A mottled dragon zombie (D:12)
  A hound zombie (D:5)
  An ogre skeleton (D:6)
  A hound skeleton (D:6)
  2 mummies
  19 gnolls
  29 adders
  3 giant centipedes
  7 giant mites
  31 green rats
  An inept item mimic (D:5)
  6 worms
  An ufetubus (Orc:4)
  An adder skeleton (D:6)
  2 giant eyeballs
  12 giant geckos
  An ooze (D:5)
  175 orcs
  7 ball pythons
  26 bats
  A bat skeleton (D:5)
  2 giant cockroaches
  A grey rat (D:1)
  28 hobgoblins
  19 kobolds
  7 quokkas
  13 giant newts
  2 giant spores (D:8)
  21 goblins
  27 jackals
  2 orc skeletons
  3 orc zombies
  25 rats
  25 ballistomycetes
  A bush (Lair:6)
  A butterfly (D:6)
1159 creatures vanquished.

Vanquished Creatures (others)
  Erolcha (D:13)
  A naga mage (Snake:2)
  A giant frog (Lair:7)
  A hound (D:10)
  A sheep (D:14)
  An adder (Snake:2)
  4 giant spores
  An orc (Orc:4)
  3 fungi
  5 plants
19 creatures vanquished.

Grand Total: 1178 creatures vanquished

Notes
Turn   | Place    | Note
--------------------------------------------------------------
     0 | D:1      | Jenx, the Minotaur Fighter, began the quest for the Orb.
     0 | D:1      | Reached XP level 1. HP: 19/19 MP: 1/1
   374 | D:1      | Reached XP level 2. HP: 26/26 MP: 1/1
   631 | D:1      | Reached skill level 4 in Maces & Flails
   963 | D:2      | Reached XP level 3. HP: 31/31 MP: 2/2
  1588 | D:3      | Reached skill level 5 in Maces & Flails
  1665 | D:3      | Reached XP level 4. HP: 35/39 MP: 2/2
  1901 | D:3      | Noticed Jessica
  1908 | D:3      | Killed Jessica
  1908 | D:3      | Reached skill level 6 in Maces & Flails
  2099 | D:3      | Reached XP level 5. HP: 45/45 MP: 2/2
  2220 | D:4      | Paralysed by a giant eyeball for 2 turns
  2242 | D:4      | Got a slimy leather armour
  2243 | D:4      | Identified the +1 leather armour of the Fiend {rF+} (You found it on level 4 of the Dungeon)
  2303 | D:4      | Noticed an ice beast
  2304 | D:4      | Found a shimmering altar of Xom.
  2330 | D:4      | Killed an ice beast
  2330 | D:4      | Reached skill level 7 in Maces & Flails
  2330 | D:4      | Reached XP level 6. HP: 34/51 MP: 3/3
  2375 | D:4      | Found a shimmering altar of Xom.
  2658 | D:4      | Reached skill level 8 in Maces & Flails
  2797 | D:4      | Found a sparkling altar of Nemelex Xobeh.
  3435 | D:5      | Entered Level 5 of the Dungeon
  3452 | D:4      | Reached skill level 9 in Maces & Flails
  3536 | D:5      | Noticed a steam dragon
  3536 | D:5      | a centaur changed into a steam dragon
  3541 | D:5      | a steam dragon changed into an ooze
  3556 | D:4      | Reached XP level 7. HP: 13/57 MP: 3/3
  3996 | D:5      | Noticed Crazy Yiuf
  4009 | D:5      | Killed Crazy Yiuf
  4087 | D:5      | Reached skill level 10 in Maces & Flails
  4266 | D:5      | Noticed Menkaure
  4277 | D:5      | Killed Menkaure
  4537 | D:5      | Reached skill level 11 in Maces & Flails
  4547 | D:5      | Found a staircase to the Ecumenical Temple.
  4561 | Temple   | Entered the Ecumenical Temple
  4628 | Temple   | Became a worshipper of Warmaster Okawaru
  4709 | D:5      | Reached XP level 8. HP: 57/64 MP: 3/3
  4832 | D:5      | Found a bloodstained altar of Trog.
  5042 | D:6      | Found a white marble altar of Elyvilon.
  5258 | D:6      | Reached skill level 12 in Maces & Flails
  5507 | D:6      | Paralysed by a giant eyeball for 4 turns
  5672 | D:6      | Found a glowing drain.
  5684 | Sewer    | Entered a sewer
  5797 | Sewer    | Noticed Purgy
  5813 | Sewer    | Killed Purgy
  6332 | D:6      | Reached skill level 13 in Maces & Flails
  6408 | D:6      | Found a deep blue altar of Sif Muna.
  6603 | D:7      | Found a snail-covered altar of Cheibriados.
  6620 | D:7      | Got an opalescent robe
  6719 | D:7      | Reached XP level 9. HP: 60/70 MP: 4/4
  6728 | D:7      | Acquired Okawaru's first power
  6810 | D:7      | Reached skill level 14 in Maces & Flails
  7249 | D:7      | Reached skill level 15 in Maces & Flails
  7295 | D:8      | Found a staircase to the Lair.
  7549 | D:8      | Found a glowing golden altar of the Shining One.
  7931 | D:8      | Reached skill level 16 in Maces & Flails
  8039 | D:8      | Reached XP level 10. HP: 51/77 MP: 2/4
  8117 | D:8      | Identified the cursed -1 robe "Bacail" {rC++ Dex+2 Stlth+} (You found it on level 7 of the Dungeon)
  8298 | Lair:1   | Entered Level 1 of the Lair of Beasts
  8422 | Lair:1   | Noticed a black mamba
  8434 | Lair:1   | Killed a black mamba
  8434 | Lair:1   | Reached skill level 5 in Shields
  8481 | Lair:1   | Noticed an eight-headed hydra
  8940 | D:9      | Found a blossoming altar of Fedhas.
  8994 | D:9      | Noticed an oklob plant
  9206 | D:10     | Entered Level 10 of the Dungeon
  9229 | D:10     | Noticed a hill giant
  9240 | D:10     | Killed a hill giant
  9830 | D:10     | Reached skill level 10 in Shields
 10326 | D:10     | Found a staircase to the Orcish Mines.
 10792 | Orc:1    | Entered Level 1 of the Orcish Mines
 10810 | D:10     | Reached XP level 11. HP: 82/82 MP: 4/4
 11262 | Lair:1   | Killed an eight-headed hydra
 11262 | Lair:1   | Acquired Okawaru's second power
 11262 | Lair:1   | Reached skill level 5 in Fighting
 11535 | Lair:1   | Reached skill level 1 in Invocations
 12036 | Lair:2   | Reached skill level 5 in Invocations
 12266 | Lair:2   | Received a gift from Okawaru
 12529 | Lair:2   | Noticed an eight-headed hydra
 12644 | Lair:3   | Found a staircase to the Snake Pit.
 12739 | Lair:2   | Killed an eight-headed hydra
 12739 | Lair:2   | Reached skill level 5 in Armour
 12834 | Lair:3   | Found a staircase to the Swamp.
 12967 | Lair:3   | Noticed Nergalle
 12983 | Lair:3   | Killed Nergalle
 13170 | Lair:3   | You fall through a shaft for 3 floors!
 13174 | Lair:6   | Noticed a catoblepas
 13179 | Lair:6   | Noticed a death yak
 13179 | Lair:6   | Noticed a death yak
 13179 | Lair:6   | Noticed a death yak
 13180 | Lair:6   | Noticed a death yak
 13184 | Lair:6   | Noticed a death yak
 13185 | Lair:6   | Noticed a death yak
 13508 | Lair:5   | Noticed Harold
 13522 | Lair:5   | Killed Harold
 13943 | Lair:3   | Reached XP level 12. HP: 93/100 MP: 15/15
 14149 | Lair:3   | Found a snail-covered altar of Cheibriados.
 14853 | Lair:4   | Received a gift from Okawaru
 14857 | Lair:4   | Got a warped cloak {god gift}
 14861 | Lair:4   | Identified the +1 cloak of Theeludu {rElec rPois} (Okawaru gifted it to you on level 4 of the Lair of Beasts)
 15800 | Lair:5   | Reached skill level 10 in Fighting
 16129 | Lair:6   | Killed a death yak
 16169 | Lair:6   | Killed a death yak
 16175 | Lair:6   | Killed a death yak
 16192 | Lair:6   | Killed a death yak
 16192 | Lair:6   | Reached skill level 10 in Armour
 16223 | Lair:6   | Killed a death yak
 16228 | Lair:6   | Killed a death yak
 16771 | Lair:6   | Killed a catoblepas
 16843 | Lair:6   | Received a gift from Okawaru
 17240 | Lair:7   | Noticed a seven-headed hydra
 17248 | Lair:7   | Noticed a seven-headed hydra
 17271 | Lair:6   | Reached XP level 13. HP: 69/116 MP: 17/17
 17653 | D:11     | Found a shimmering altar of Xom.
 17764 | D:11     | Found a radiant altar of Vehumet.
 18166 | D:11     | Reached skill level 1 in Evocations
 19377 | Orc:2    | Found Utyw's General Store.
 19392 | Orc:2    | Bought a scroll of fog for 26 gold pieces
 19738 | Orc:3    | Found a staircase to the Elven Halls.
 19771 | Orc:3    | Found Tuqat's Antique Armour Emporium.
 19782 | Orc:3    | Bought a brightly glowing plate armour for 756 gold pieces
 19806 | Orc:3    | Identified the -4 plate armour of Meocompao {rElec Int-3 Dam+4 Stlth+} (You bought it in a shop on level 3 of the Orcish Mines)
 19861 | Orc:3    | Noticed Donald
 19897 | Orc:3    | Killed Donald
 20355 | Orc:4    | Entered Level 4 of the Orcish Mines
 20475 | Lair:1   | Paralysed by a potion of paralysis for 2 turns
 20837 | Lair:7   | Killed a seven-headed hydra
 20837 | Lair:7   | Received a gift from Okawaru
 20838 | Lair:7   | Got a brightly glowing hand axe {god gift}
 20849 | Lair:7   | Reached skill level 17 in Maces & Flails
 20855 | Lair:7   | Identified the +6,+4 hand axe of Rawow {chop, *Tele rPois rC+ SInv} (Okawaru gifted it to you on level 7 of the Lair of Beasts)
 21302 | Lair:7   | Killed a seven-headed hydra
 21812 | Lair:8   | Entered Level 8 of the Lair of Beasts
 22235 | Lair:8   | Noticed a dire elephant
 22246 | Lair:8   | Received a gift from Okawaru
 22263 | Lair:8   | Killed a dire elephant
 22315 | Lair:8   | Found a burning altar of Makhleb.
 22340 | Lair:8   | Reached XP level 14. HP: 106/124 MP: 20/20
 22636 | Lair:8   | Found a blossoming altar of Fedhas.
 22931 | Lair:8   | Found a gateway to Hell.
 23778 | Snake:1  | Entered Level 1 of the Snake Pit
 23928 | Snake:1  | Reached skill level 15 in Armour
 24049 | Snake:1  | Found Suttix's Distillery.
 24110 | Snake:1  | Noticed Kirke
 24145 | Snake:1  | Killed Kirke
 25751 | D:12     | Received a gift from Okawaru
 25752 | D:12     | Got an ancient scale mail {god gift}
 25775 | D:12     | Identified the +0 scale mail "Acuir" {Str+4 Int+2} (Okawaru gifted it to you on level 12 of the Dungeon)
 26029 | D:13     | Noticed Erolcha
 26045 | D:13     | Killed Erolcha
 26337 | D:13     | Noticed Urug
 26348 | D:13     | Killed Urug
 26348 | D:13     | Reached skill level 18 in Maces & Flails
 27439 | D:14     | Found a corrupted altar of Lugonu.
 27446 | D:14     | Identified Lugonu's Handbook of Creation
 27477 | D:14     | Noticed Fannar
 27486 | D:14     | Killed Fannar
 27895 | D:12     | Paralysed by a great orb of eyes for 5 turns
 27905 | D:12     | Reached skill level 19 in Maces & Flails
 28706 | Orc:3    | Gained mutation: You heal slowly when monsters are visible. [potion of mutation]
 28706 | Orc:3    | Gained mutation: You are resistant to electric shocks. [potion of mutation]
 28834 | Orc:3    | Received a gift from Okawaru
 28967 | Orc:4    | Found Lahis' Antique Weapon Boutique.
 29014 | Orc:4    | Found a burning altar of Makhleb.
 29232 | Orc:4    | Found Twe Gosyp's General Store.
 29384 | Orc:3    | Reached XP level 15. HP: 22/129 MP: 19/21
 29943 | Orc:4    | Noticed Nessos
 29944 | Orc:4    | Noticed an orc warlord
 29976 | Orc:4    | Killed Nessos
 30176 | Orc:4    | Paralysed by an orc sorcerer for 5 turns
 30207 | Orc:4    | Found Wusibup's Book Boutique.
 30219 | Orc:4    | Noticed Psyche
 30241 | Orc:3    | Killed Psyche
 30377 | Orc:4    | Killed an orc warlord
 30513 | Orc:4    | Found Kuew's Antique Armour Emporium.
 30813 | Lair:1   | Lost mutation: You are resistant to electric shocks. [potion of cure mutation]
 30813 | Lair:1   | Lost mutation: You heal slowly when monsters are visible. [potion of cure mutation]
 31333 | Snake:2  | Noticed Aizul
 31360 | Snake:2  | Killed Aizul
 33128 | Snake:3  | Received a gift from Okawaru
 33129 | Snake:3  | Got an ancient demon whip {god gift}
 33147 | Snake:3  | Identified the +12,+4 demon whip "Hiasuhyo" {vamp, Stlth} (Okawaru gifted it to you on level 3 of the Snake Pit)
 33272 | Snake:3  | Reached skill level 20 in Maces & Flails
 34011 | Snake:3  | Noticed Louise
 34023 | Snake:3  | Cast into the Abyss (Louise)
 34283 | Abyss:1  | Killed from afar by a fire dragon

Action                   |  1- 3 |  4- 6 |  7- 9 | 10-12 | 13-15 || total
-------------------------+-------+-------+-------+-------+-------++-------
Melee: Mace              |   108 |   161 |       |       |       ||   269
       Flail             |       |     2 |   408 |   536 |       ||   946
       Hammer            |       |       |   113 |       |       ||   113
       Morningstar       |       |       |       |   565 |  1784 ||  2349
       Hand axe          |       |       |       |       |     9 ||     9
       Demon whip        |       |       |       |       |   328 ||   328
 Fire: Blowgun           |       |       |    20 |     7 |     1 ||    28
Throw: Dart              |       |       |    10 |    13 |     2 ||    25
       Javelin           |       |       |       |       |     6 ||     6
Invok: Heroism           |       |       |     2 |     9 |     8 ||    19
       Finesse           |       |       |       |       |     2 ||     2
 Abil: Evoke Flight      |       |       |     4 |       |     1 ||     5
Evoke: Wand              |       |     5 |    13 |    17 |    16 ||    51
  Use: Scroll            |       |     7 |    12 |    11 |    11 ||    41
       Potion            |       |     3 |     1 |     5 |    30 ||    39
 Stab: Paralysed         |       |       |       |     1 |       ||     1
